 Dungeon Crawl Stone Soup version 0.23.0 (webtiles) character file.

Game seed: 8980142991217525048

11 MalarOregon the Skirmisher (level 2, 0/24 HPs)
             Began as a Merfolk Wanderer on Feb 12, 2019.
             Slain by a dart slug (1 damage)
             ... on level 1 of the Dungeon.
             The game lasted 00:01:13 (384 turns).

MalarOregon the Skirmisher (Merfolk Wanderer)        Turns: 384, Time: 00:01:13

Health: 0/24       AC:  5    Str:  9    XL:     2   Next: 25%
Magic:  2/2        EV: 13    Int: 10    God:
Gold:   26         SH:  0    Dex: 17    Spells: 1/1 levels left

rFire    . . .     SeeInvis .   d - +0 dagger
rCold    . . .     Gourm    .   (no shield)
rNeg     . . .     Faith    .   a - +2 leather armour
rPois    .         Spirit   .   (no helmet)
rElec    .         Reflect  .   (no cloak)
rCorr    .         Harm     .   (no gloves)
MR       .....                  (no boots)
Stlth    ++........             (no amulet)
HPRegen  0.08/turn              (no ring)
MPRegen  0.08/turn              (no ring)

@: no status effects
A: change form in water, swift swim, stealthy swim
a: no special abilities


You were on level 1 of the Dungeon.
You were not hungry.

You visited 1 branch of the dungeon, and saw 1 of its levels.

You collected 26 gold pieces.

Inventory:

Hand Weapons
 d - a +0 dagger (weapon)
Armour
 a - a +2 leather armour (worn)
Scrolls
 c - a scroll of teleportation {@r4}
Potions
 b - a potion of lignification {!q}
Comestibles
 e - a ration {!d}
 f - a chunk of flesh


   Skills:
 + Level 3.3 Fighting
 + Level 0.6(1.0) Short Blades
   Level 1.1(1.2) Long Blades
 + Level 2.1 Throwing
 + Level 0.2 Armour
 + Level 2.9 Dodging
 + Level 1.5 Stealth
 - Level 1.1 Unarmed Combat


You had one spell level left.
You didn't know any spells.
Your spell library was empty.

Dungeon Overview and Level Annotations

Branches:
Dungeon (1/15)

Altars:


Message History

The giant cockroach bites you but does no damage.
The giant cockroach closely misses you.
You hit the giant cockroach.
You kill the giant cockroach!
The bat misses you.
You miss the bat. The bat misses you.
You miss the bat. The bat hits you but does no damage.
The bat closely misses you.
You hit the bat. The bat misses you. The bat hits you but does no damage.
You hit the bat. The bat hits you but does no damage. x2
You hit the bat.
You kill the bat!
You have reached level 2!
You hit the frilled lizard but do no damage.
The frilled lizard barely misses you.
You hit the frilled lizard.
You kill the frilled lizard!
You hit the rat but do no damage. You hit the rat but do no damage.
The rat bites you.
* * * LOW HITPOINT WARNING * * *
You closely miss the rat. The rat misses you.
You hit the rat. The rat misses you.
You hit the rat.
You kill the rat!
You hit the hobgoblin but do no damage. The hobgoblin misses you.
You hit the hobgoblin. The hobgoblin hits you.
* * * LOW HITPOINT WARNING * * *
You closely miss the hobgoblin. The hobgoblin barely misses you.
You hit the hobgoblin but do no damage. The hobgoblin closely misses you.
You hit the hobgoblin. The hobgoblin barely misses you.
You hit the hobgoblin. The hobgoblin misses you.
You hit the hobgoblin but do no damage. The hobgoblin misses you.
You hit the hobgoblin but do no damage. The hobgoblin misses you.
You closely miss the hobgoblin. The hobgoblin closely misses you.
You hit the hobgoblin. The hobgoblin barely misses you.
You hit the hobgoblin.
You kill the hobgoblin!
You barely miss the kobold. The kobold closely misses you.
You closely miss the kobold. The kobold hits you but does no damage.
You hit the kobold but do no damage. The kobold hits you.
* * * LOW HITPOINT WARNING * * *
You barely miss the kobold. The kobold closely misses you.
You barely miss the kobold. The kobold closely misses you.
You hit the kobold. The kobold barely misses you.
You closely miss the kobold. The kobold barely misses you.
You hit the kobold but do no damage. The kobold closely misses you.
You hit the kobold.
You kill the kobold!
The dart slug bites you.
You die...

# # # # # . ÷P # .. ##
###.# ..#.##. #.#.###
......r##@#...#
.........w#.#.#######
.......##...........######
................##........
......####.........#..)...
...... ##...........####
...... ##..>.###.#.# ##.##
#...## ##..# .. #.#.#
#..## #


You could see a dart slug.

Vanquished Creatures
  2 bats (D:1)
  A giant cockroach (D:1)
  A goblin (D:1)
  2 hobgoblins (D:1)
  A kobold (D:1)
  A frilled lizard (D:1)
  2 rats (D:1)
10 creatures vanquished.

Notes
Turn   | Place    | Note
-------+----------+-------------------------------------------
     0 | D:1      | MalarOregon the Merfolk Wanderer began the quest for the
                  | Orb.
     0 | D:1      | MalarOregon set off with the following items: a +2 leather
                  | armour, a potion of lignification {!q}, a scroll of
                  | teleportation {@r4}, a +0 dagger, a ration {!d}
     0 | D:1      | Reached XP level 1. HP: 18/18 MP: 1/1
   356 | D:1      | Reached XP level 2. HP: 5/24 MP: 2/2
   377 | D:1      | HP: 1/24 [kobold (2)]
   384 | D:1      | Slain by a dart slug

Action                   || total
-------------------------++-------
Melee: Dagger            ||    76
       Punch             ||     1
Armor: Leather armour    ||    17
Dodge: Dodged            ||    57
